 Dungeon Crawl Stone Soup version 0.12.2-8-g1913ee5 (webtiles) character file.

648 Indrah the Stinger (level 7, 0/47 HPs)
             Began as a Mummy Venom Mage on June 23, 2013.
             Shot with an arrow by a centaur (9 damage)
             ... on Level 5 of the Dungeon.
             The game lasted 00:26:29 (4837 turns).

Indrah the Stinger (Mummy Venom Mage)               Turns: 4837, Time: 00:26:29

HP   0/47        AC  9     Str 11      XL: 7   Next:  3%
MP   1/13        EV 11     Int 16      God:
Gold 121         SH  0     Dex 12      Spells:  3 memorised,  2 levels left

Res.Fire  : . . .   See Invis. : .   n - +3,+2 elf short sword (elec)
Res.Cold  : + . .   Warding    : .   h - +1 leather armour {rF+}
Life Prot.: + + +   Conserve   : .   (no shield)
Res.Poison: +       Res.Corr.  : .   a - +0 visored helmet
Res.Elec. : .       Clarity    : .   t - +1 cloak
Sust.Abil.: . .     Spirit.Shd : .   u - +1 pair of elf gauntlets
Res.Mut.  : .       Stasis     : .   (no boots)
Res.Rott. : +       Ctrl.Telep.: .   (no amulet)
Saprovore : . . .   Flight     : .   (no ring)
                                     k - ring of protection from magic

@: very slightly contaminated, quite resistant to hostile enchantments, fairly
stealthy
A: no food or potions, fire vulnerability, restore body, cold resistance 1, life
protection 3, poison resistance, torment resistance, unbreathing
a: no special abilities


You were on level 5 of the Dungeon.
You were not hungry.

You visited 1 branch of the dungeon, and saw 5 of its levels.

You collected 149 gold pieces.
You spent 48 gold pieces at shops.

Inventory:

Hand weapons
 d - a +0,+2 dagger
 j - a +0,+2 hand axe
 l - a +0,+0 sling
 n - a +3,+2 elven short sword of electrocution (weapon)
 s - a +2,+1 flail of pain
Missiles
 c - 9 darts (quivered)
 e - 20 stones
 p - 42 sling bullets
 r - a throwing net
Armour
 a - a +0 visored helmet (worn)
 h - a +1 leather armour of fire resistance (worn)
 t - a +1 cloak (worn)
 u - a +1 pair of elven gauntlets (worn)
Magical devices
 w - a wand of polymorph (4)
Scrolls
 f - 6 scrolls of remove curse
 g - 3 scrolls of identify
 m - a scroll of magic mapping
 o - 2 scrolls of amnesia
 q - a scroll of curse armour
 v - 2 scrolls of curse jewellery
 x - a scroll of fear {unknown}
Jewellery
 k - a ring of protection from magic (left hand)
Books
 b - a Young Poisoner's Handbook

   Spells                             Type                      Level
   *Sting                             Conjuration/Poison           1
   Cure Poison                        Poison                       2
   *Mephitic Cloud                    Conjuration/Poison/Air       3
   *Olgreb's Toxic Radiance           Poison                       4
   Venom Bolt                         Conjuration/Poison           5


   Skills:
 + Level 1.7 Fighting
 + Level 0.8 Short Blades
 - Level 0.2 Axes
 - Level 0.5 Maces & Flails
 + Level 1.2 Throwing
 + Level 1.0 Armour
 + Level 2.1 Dodging
 + Level 2.4 Stealth
 * Level 2.4 Spellcasting
 * Level 1.9 Conjurations
 * Level 2.1 Air Magic
 * Level 4.1 Poison Magic


You had 2 spell levels left.
You knew the following spells:

 Your Spells              Type           Power        Failure   Level  Hunger
a - Sting                 Conj/Pois      ###..        10%         1    N/A
b - Olgreb's Toxic Radia  Pois           ####.....    45%         4    N/A
x - Mephitic Cloud        Conj/Pois/Air  ###......    24%         3    N/A

Dungeon Overview and Level Annotations

Branches:
Dungeon (5/27)
 Temple: D:4-7

Altars:
Kikubaaqudgha
Trog
Xom

Shops:
D:4: *


Innate Abilities, Weirdness & Mutations

You do not eat or drink.
Your flesh is vulnerable to fire.
Your flesh is cold resistant.
You are immune to negative energy.
Your system is resistant to poisons.
You are immune to unholy pain and torment.
You can survive without breathing.


Message History

Casting: Sting
Confirm with . or Enter, or press ? or * to list all spells.
Aiming: Sting
Press: ? - help, Shift-Dir - straight line, f - centaur
Aim: a centaur (severely wounded, poisoned)
The sting hits the centaur.
The centaur looks even sicker.
The centaur is almost dead.
The goblin misses you.
The centaur hits you but does no damage.
The giant newt closely misses you. The rat bites you but does no damage.
You barely miss the centaur.
The centaur is almost dead.
Your surroundings seem slightly different.
Evoke which item? (* to show all) (? for menu, Esc to quit)
Zapping:
w - a wand of polymorph {zapped: 4}
Press: ? - help, Shift-Dir - straight line, f/p - centaur
Aim: a centaur (almost dead, poisoned)
The centaur struggles to resist.
The centaur wields an uncursed bow.
The centaur shoots an arrow.
The arrow hits you!
You die...

### ### ####### #.##
##.###.....# ##.###.###......#
####.....###......#
#.#.####..........####. ##..##
##.............. ...##
#.............. ##.##
##............... #..#
##..###..@........ ##.## #...#
##..........
###..###..####............
.#........###..............
...#........................
......%..........gr..........
#...............c..s..........
#................ยง............#
#............)...l.............


You could see a centaur, a scorpion, a goblin, a giant newt and a rat.

Vanquished Creatures
  A crimson imp (D:5)
  4 wights (D:4)
  A hound (D:4)
  2 scorpions (D:4)
  An orc wizard (D:4)
  2 worker ants
  Terence (D:3)
  5 adders
  4 gnolls (D:2)
  An ufetubus (D:5)
  A bat zombie (D:5)
  A giant eyeball (D:4)
  7 orcs
  A ball python (D:4)
  10 goblins
  9 hobgoblins
  8 kobolds
  4 quokkas
  10 bats
  2 giant cockroaches
  4 giant newts
  6 jackals
  5 rats
90 creatures vanquished.

Vanquished Creatures (others)
  A hobgoblin (D:2)
1 creature vanquished.

Grand Total: 91 creatures vanquished

Notes
Turn   | Place    | Note
--------------------------------------------------------------
     0 | D:1      | Indrah, the Mummy Venom Mage, began the quest for the Orb.
     0 | D:1      | Reached XP level 1. HP: 13/13 MP: 3/3
   635 | D:1      | Reached XP level 2. HP: 19/19 MP: 4/4
  1338 | D:2      | Reached XP level 3. HP: 24/24 MP: 1/5
  1416 | D:2      | Learned a level 3 spell: Mephitic Cloud
  1818 | D:2      | Reached XP level 4. HP: 20/30 MP: 2/7
  2211 | D:3      | Noticed Terence
  2276 | D:3      | Killed Terence
  2560 | D:3      | Found a bloodstained altar of Trog.
  2589 | D:3      | Reached skill level 1 in Fighting
  2724 | D:3      | Found a shimmering altar of Xom.
  2740 | D:3      | Paralysed by a crimson imp for 5 turns
  3076 | D:4      | Reached XP level 5. HP: 35/35 MP: 5/9
  3180 | D:4      | Reached skill level 1 in Conjurations
  3320 | D:4      | Reached skill level 1 in Throwing
  3335 | D:4      | Reached skill level 1 in Air Magic
  3500 | D:4      | Reached skill level 1 in Armour
  3500 | D:4      | Reached XP level 6. HP: 18/41 MP: 10/10
  3977 | D:4      | Found Skiur's Assorted Antiques.
  3981 | D:4      | Bought a scroll of identify for 48 gold pieces
  4545 | D:5      | Entered Level 5 of the Dungeon
  4558 | D:5      | Reached skill level 4 in Poison Magic
  4786 | D:5      | Reached XP level 7. HP: 47/47 MP: 9/13
  4792 | D:5      | Learned a level 4 spell: Olgreb's Toxic Radiance
  4808 | D:5      | Found an ancient bone altar of Kikubaaqudgha.
  4837 | D:5      | Shot with an arrow by a centaur

Action                   |  1- 3 |  4- 6 |  7- 9 || total
-------------------------+-------+-------+-------++-------
Melee: Dagger            |    15 |       |       ||    15
       Hand axe          |    16 |       |       ||    16
       Flail             |    29 |    35 |       ||    64
       Short sword       |       |   122 |     3 ||   125
Throw: Dart              |    22 |    13 |       ||    35
 Cast: Sting             |    38 |    83 |     5 ||   126
       Mephitic Cloud    |       |       |     1 ||     1
Evoke: Wand              |       |     3 |     2 ||     5
  Use: Scroll            |       |     9 |     1 ||    10
 Stab: Sleeping          |     2 |       |       ||     2
       Distracted        |       |     1 |       ||     1
